 Dungeon Crawl Stone Soup version 0.30-a0-596-g0af90f9a20 (webtiles) character file.

Game seed: 2441135167549225214

924 Demosthentine the Poker (level 7, 0/55 HPs)
             Began as a Demonspawn Gladiator on Jan 6, 2023.
             Was an Initiate of Nemelex Xobeh.
             Slain by a hornet zombie (1 damage)
             ... in an ossuary.
             The game lasted 00:04:25 (3864 turns).

Demosthentine the Poker (Demonspawn Gladiator)      Turns: 3864, Time: 00:04:25

Health: 0/55       AC: 10    Str: 14    XL:     7   Next: 84%
Magic:  7/7        EV: 14    Int: 10    God:    Nemelex Xobeh [......]
Gold:   268        SH:  0    Dex: 16    Spells: 6/6 levels left

rFire   . . .      SeeInvis .    a - +0 trident
rCold   . . .      Faith    .    (no shield)
rNeg    . . .      Spirit   .    b - +0 leather armour
rPois   .          Reflect  .    c - +0 helmet
rElec   .          Harm     .    (no cloak)
rCorr   .          Rampage  .    m - +0 pair of gloves
Will    .....                    k - +0 pair of boots
Stlth   +                        (no amulet)
HPRegen 0.29/turn                (no ring)
MPRegen 0.20/turn                (no ring)

@: hasted, invisible, very quick
A: icy blue scales 2, spiny 1, magic regeneration
a: Renounce Religion, Draw Escape, Draw Destruction, Draw Summoning


You were in an ossuary.
You worshipped Nemelex Xobeh.
Nemelex Xobeh was noncommittal.
You visited 2 branches of the dungeon, and saw 6 of its levels.
You also visited: Ossuary.

You collected 268 gold pieces.

Inventory:

Hand Weapons
 a - a +0 trident (weapon)
Missiles
 e - 12 javelins (quivered)
Armour
 b - a +0 leather armour (worn)
 c - a +0 helmet (worn)
 k - a +0 pair of boots (worn)
 m - a +0 pair of gloves (worn)
Wands
 h - a wand of flame (17)
Scrolls
 g - 3 scrolls of teleportation
 t - 2 scrolls of butterflies
 u - a scroll of fear
 v - a scroll of identify
 w - a scroll of enchant armour {unknown}
Potions
 f - 2 potions of berserk rage {unknown}
 l - 2 potions of brilliance {unknown}
 o - a potion of mutation {unknown}
 p - a potion of flight
 q - a potion of magic
 r - a potion of degeneration {unknown}
 s - a potion of might {unknown}


   Skills:
 + Level 4.8 Fighting
 + Level 4.9 Polearms
 - Level 1.7 Throwing
 + Level 3.8 Armour
 + Level 4.9 Dodging


You had 6 spell levels left.
You didn't know any spells.
Your spell library contained the following spells:

 Spells                   Type           Power      Damage    Failure   Level
 Cigotuvi's Dreadful Rot  Necr/Pois/Air  0%         N/A       56%         2
 Poisonous Vapours        Pois/Air       0%         N/A       56%         2
 Mephitic Cloud           Conj/Pois/Air  0%         N/A       80%         3


Dungeon Overview and Level Annotations

Branches:
Dungeon (5/15)             Temple (1/1) D:4         Ossuary (1/1)

Altars:
Ashenzari
Dithmenos
Fedhas
Gozag
Hepliaklqana
Kikubaaqudgha
Makhleb
Nemelex Xobeh
Okawaru
Qazlal
Ru
Sif Muna
Trog
Uskayaw
Vehumet
Wu Jian
Xom
Yredelemnul


Innate Abilities, Weirdness & Mutations

You are mostly covered in icy blue scales. (AC +3)
You are partially covered in sharp spines.
You regenerate magic rapidly.


Message History

The hornet zombie hits you but does no damage.
You hit the hornet zombie. Your punch misses the hornet zombie.
The hornet zombie is severely damaged.
The hornet zombie hits you.
* * * LOW HITPOINT WARNING * * *
You hit the hornet zombie.
The hornet zombie is almost destroyed.
The hornet zombie barely misses you.
You barely miss the hornet zombie.
The hornet zombie is almost destroyed.
The hornet zombie barely misses you.
You hit the hornet zombie.
The hornet zombie is almost destroyed.
The hornet zombie hits you!
* * * LOW HITPOINT WARNING * * *
You barely miss the hornet zombie.
The hornet zombie is almost destroyed.
The hornet zombie is struck by your spines.
The hornet zombie hits you but does no damage.
You hit the hornet zombie but do no damage.
The hornet zombie is almost destroyed.
The hornet zombie barely misses you.
You feel better. The hornet zombie hits you.
* * * LOW HITPOINT WARNING * * *
You closely miss the hornet zombie.
The hornet zombie is almost destroyed.
You hit the hornet zombie but do no damage.
The hornet zombie is almost destroyed.
The hornet zombie hits you!
* * * LOW HITPOINT WARNING * * *
Okay, then.
Okay, then.
Unknown command.
You fade into invisibility!
The hornet zombie barely misses you.
Okay, then.
It was a potion of magic.
Magic courses through your body. The hornet zombie hits you.
You die...
Your body disappears without a glow.

# #####
+.#.@.#
#.'Z∩.#
+.#..∩#
# #####


You could see a hornet zombie (unable to see you).

Vanquished Creatures
  Grinder (D:5)
  Eustachio (D:4)
  An ogre (D:5)
  An ice beast (D:4)
  2 scorpions (D:5)
  A howler monkey (D:5)
  A bullfrog zombie (Ossuary)
  A hound (D:4)
  Ijyb (D:3)
  An iguana (D:4)
  2 mummies (Ossuary)
  5 adders
  A worm (D:3)
  3 dart slugs (D:2)
  4 orcs
  9 endoplasms
  4 giant cockroaches
  6 goblins
  3 hobgoblins
  4 jackals (D:1)
  7 kobolds
  4 quokkas
  4 ball pythons
  5 bats
  6 frilled lizards
  7 rats
85 creatures vanquished.

Vanquished Creatures (others)
  4 withered plants (Ossuary)
4 creatures vanquished.

Grand Total: 89 creatures vanquished

Notes
Turn   | Place    | Note
-------+----------+-------------------------------------------
     0 | D:1      | Demosthentine the Demonspawn Gladiator began the quest for
                  | the Orb.
     0 | D:1      | Reached XP level 1. HP: 16/16 MP: 1/1
   296 | D:1      | Gained mutation: You are partially covered in icy blue
                  | scales. (AC +2) [demonic ancestry]
   296 | D:1      | Reached XP level 2. HP: 19/22 MP: 2/2
   726 | D:1      | Reached skill level 1 in Armour
   845 | D:2      | Gained mutation: You are partially covered in sharp spines.
                  | [demonic ancestry]
   845 | D:2      | Reached XP level 3. HP: 28/28 MP: 3/3
   919 | D:2      | Found a faded altar of an unknown god.
  1750 | D:3      | Gained mutation: You are mostly covered in icy blue scales.
                  | (AC +3) [demonic ancestry]
  1750 | D:3      | Reached XP level 4. HP: 34/34 MP: 4/4
  1799 | D:3      | Noticed Ijyb
  1821 | D:3      | Killed Ijyb
  2230 | D:3      | Reached XP level 5. HP: 34/41 MP: 5/5
  2704 | D:4      | Noticed Eustachio
  2704 | D:4      | Noticed an ice beast
  2721 | D:4      | Killed an ice beast
  2722 | D:4      | Gained mutation: You regenerate magic rapidly. [demonic
                  | ancestry]
  2722 | D:4      | Reached XP level 6. HP: 47/47 MP: 6/6
  2748 | D:4      | Killed Eustachio
  2885 | D:4      | Found a staircase to the Ecumenical Temple.
  2978 | Temple   | Entered the Ecumenical Temple
  3219 | Temple   | Became a worshipper of Nemelex Xobeh the Trickster
  3548 | D:5      | Entered Level 5 of the Dungeon
  3697 | D:5      | Noticed Grinder
  3705 | D:5      | Reached XP level 7. HP: 51/54 MP: 7/7
  3705 | D:5      | Paralysed by Grinder for 3 turns
  3722 | D:5      | Killed Grinder
  3766 | D:5      | Found a sand-covered staircase.
  3772 | Ossuary  | Entered an ossuary
  3861 | Ossuary  | HP: 1/55 [hornet zombie (11)]
  3864 | Ossuary  | Slain by a hornet zombie

Illustrated notes

Levels and vault maps discovered:
D:1:      amcnicky_arrival_feature_with_door, layout_basic
D:2:      layout_basic, shapermc_ecumenical_altar_notcrosses
D:3:      layout_basic, uniq_ijyb
D:4:      layout_basic, minmay_temple_entry_sparse_star, solitary_fountain,
          grunt_ministairs_5, minmay_curled_crystal, uniq_eustachio
D:5:      layout_gridville, nicolae_ossuary_entry_plus, minmay_checkerbox,
          uniq_edmund, uniq_grinder
Temple:   nicolae_temple_bog_church
Ossuary:  ossuary_zaba_flooded

Skill      XL: |  1  2  3  4  5  6 |
---------------+-------------------+-----
Armour         | 1 2 3 |  3.8
Dodging        | 3 4 |  4.9
Polearms       | 3 4 |  4.9
Fighting       | 3 4 |  4.8
Throwing       | |  1.7

Action                   |  1- 3 |  4- 6 |  7- 9 || total
-------------------------+-------+-------+-------++-------
Melee: Trident           |   115 |   143 |    70 ||   328
       Punch             |     1 |     1 |     2 ||     4
Throw: Throwing net      |       |     3 |     1 ||     4
  Use: Scroll            |    10 |     2 |       ||    12
       Potion            |       |     1 |     5 ||     6
 Stab: Sleeping          |     5 |     3 |       ||     8
       Held in net/web   |       |     3 |       ||     3
       Distracted        |       |     1 |     1 ||     2
Armor: Leather armour    |    27 |    41 |    13 ||    81
Dodge: Dodged            |    56 |    64 |    25 ||   145

Table legend: (Time is in decaauts)
 A = Elapsed time spent in this place.
 B = Non-inter-level travel time spent in this place.
 C = Inter-level travel time spent in this place.
 D = Time resting spent in this place.
 E = Time spent auto-exploring this place.
 F = Levels seen in this place.
 G = Mean time per level.
                   A        B        C        D        E       F      G
               +--------+--------+--------+--------+--------+-----+--------+
         Total |   3901 |   3817 |     84 |      0 |   2914 |   7 |  557.3 |
       Dungeon |   3549 |   3488 |     61 |      0 |   2667 |   5 |  709.8 |
        Temple |    270 |    247 |     23 |      0 |    208 |   1 |  270.0 |
       Ossuary |     81 |     81 |      0 |      0 |     38 |   1 |   81.0 |
               +--------+--------+--------+--------+--------+-----+--------+

Top non-repeatable levels by time:
     D:2: 888 daAuts
     D:4: 830 daAuts
     D:1: 803 daAuts
     D:3: 800 daAuts
  Temple: 270 daAuts
     D:5: 227 daAuts
 Ossuary: 81 daAuts
